 Dungeon Crawl Stone Soup version 0.30-a0-341-g682706514a (webtiles) character file.

Game seed: 1123931913104382052

135 Lanoc the Chiller (level 5, -1/35 HPs)
             Began as a Barachi Ice Elementalist on Nov 4, 2022.
             Was an Initiate of Gozag.
             Killed by nerve-wracking pain
             ... invoked by Grinder
              (14 damage)
             ... on level 4 of the Dungeon.
             The game lasted 00:05:09 (2783 turns).

Lanoc the Chiller (Barachi Ice Elementalist)        Turns: 2783, Time: 00:05:10

Health: -1/35      AC: 14    Str:  9    XL:     5   Next: 18%
Magic:  4/8        EV: 12    Int: 18    God:    Gozag
Gold:   410        SH:  0    Dex: 16    Spells: 1/8 levels left

rFire   . . .      SeeInvis .    (no weapon)
rCold   . . .      Faith    .    (no shield)
rNeg    . . .      Spirit   .    a - +0 robe
rPois   .          Reflect  .    j - +0 helmet "Icunedghuybu" {rCorr Dex+4}
rElec   .          Harm     .    m - scarf {shadows}
rCorr   +          Rampage  .    (no gloves)
Will    .....                    (no boots)
Stlth   ++........               h - amulet of magic regeneration
HPRegen 0.25/turn                e - ring of wizardry
MPRegen 0.51/turn                l - +4 ring of protection

@: ice-armoured, gold aura, freezing walls, slow
A: amphibious, slowness 1, strong legs 1, +LOS
a: Hop, Renounce Religion, Potion Petition, Call Merchant, Bribe Branch


You were on level 4 of the Dungeon.
You worshipped Gozag.
Gozag was aware of your devotion.
You visited 1 branch of the dungeon, and saw 4 of its levels.

You collected 443 gold pieces.
You spent 33 gold pieces at shops.

Inventory:

Missiles
 p - a throwing net
Armour
 a - a +0 robe (worn)
 j - the +0 helmet "Icunedghuybu" (worn) {rCorr Dex+4}
   (You found it on level 2 of the Dungeon)

   Dex:       It affects your dexterity (+4).
   rCorr:     It protects you from acid and corrosion.
 m - a scarf of shadows (worn)
Jewellery
 e - a ring of wizardry (left hand)
 h - an amulet of magic regeneration (around neck)
 l - a +4 ring of protection (right hand)
Scrolls
 d - 2 scrolls of identify {unknown}
 f - 5 scrolls of teleportation
 i - a scroll of vulnerability {unknown}
 k - a scroll of brand weapon {unknown}
 n - a scroll of blinking {unknown}
 r - a scroll of noise {unknown}
 s - a scroll of magic mapping {unknown}
 t - a scroll of enchant armour {unknown}
Potions
 b - a potion of magic
 c - 3 potions of might {unknown}
 g - a potion of haste {unknown}
 o - a potion of curing {unknown}
 q - a potion of lignification {unknown}
 u - a potion of flight {unknown}


   Skills:
 - Level 2.1 Dodging
 - Level 1.7 Stealth
 - Level 2.1 Spellcasting
 * Level 7.6 Ice Magic


You had one spell level left.
You knew the following spells:

 Your Spells              Type           Power      Damage    Failure   Level
a - Freeze                Ice            100%       1d10      1%          1
b - Frozen Ramparts       Ice            58%        1d9       1%          3
c - Ozocubu's Armour      Ice            29%        N/A       1%          3

Your spell library contained the following spells:

 Spells                   Type           Power      Damage    Failure   Level
 Summon Ice Beast         Ice/Summ       15%        N/A       16%         4


Dungeon Overview and Level Annotations

Branches:
Dungeon (4/15)
 Temple: D:4-7

Altars:
Gozag
Nemelex Xobeh
Okawaru

Shops:
D:1 ?

Annotations:
D:4 Grinder


Innate Abilities, Weirdness & Mutations

You are amphibious.
You cover ground slowly.
You can hop short distances.
You have an extended range of vision and can be seen from far away.


Message History

Grinder comes into view.
Casting: Freeze (safe; 1% risk of failure)
Confirm with . or Enter, or press ? or * to list all spells.
Casting: Frozen Ramparts (safe; 1% risk of failure)
Press: ? - help, Dir - look around, f - activate The walls around you are covered in ice.
Grinder shouts!
The wall freezes the kobold but does no damage.
The kobold hits you with a +0 club.
Grinder resists.
The wall freezes Grinder.
Casting: Frozen Ramparts (safe; 1% risk of failure)
Confirm with . or Enter, or press ? or * to list all spells.
Aiming: Freeze (safe; 1% risk of failure)
Press: ? - help, Shift-Dir - straight line, f - kobold
Aim: a kobold, wielding a +0 club and quivering poisoned darts You freeze the kobold!
You kill the kobold!
Grinder completely resists.
The wall freezes Grinder but does no damage.
Grinder gestures at you.
You suddenly lose the ability to move!
Grinder completely resists.
The wall freezes Grinder but does no damage.
Grinder hits you!
You writhe in agony.
Grinder completely resists.
The wall freezes Grinder but does no damage.
Grinder completely misses you.
Grinder resists.
The wall freezes Grinder.
Grinder hits you.
You writhe in agony.
Grinder completely resists.
The wall freezes Grinder but does no damage.
Grinder gestures at you.
You shrug off the repeated paralysis!
You can move again.
Casting: Freeze (safe; 1% risk of failure)
Confirm with . or Enter, or press ? or * to list all spells.
A film of ice covers your body!
Grinder resists.
The wall freezes Grinder.
Grinder gestures at you. Pain shoots through your body!
You die...
Your body crumbles into a pile of gold.

#####
#...#####
#.<.....#
##...###...
#......#
#<#.##.#
#.#@# .#
#.#5$..# .
..#..#
#.#[#....
#)... .....
. ... #....
#. #.# ....
. ..# ...


You could see Grinder.

Vanquished Creatures
  Robin (D:2)
  3 gnolls (D:3)
  2 adders
  3 worms (D:2)
  2 dart slugs
  An orc (D:3)
  12 ball pythons
  8 endoplasms
  9 goblins
  9 hobgoblins
  2 kobolds
  2 quokkas
  6 bats
  2 frilled lizards
  A rat (D:1)
63 creatures vanquished.

Vanquished Creatures (others)
  14 fungi (D:3)
14 creatures vanquished.

Grand Total: 77 creatures vanquished

Notes
Turn   | Place    | Note
-------+----------+-------------------------------------------
     0 | D:1      | Lanoc the Barachi Ice Elementalist began the quest for the
                  | Orb.
     0 | D:1      | Reached XP level 1. HP: 13/13 MP: 3/3
    49 | D:1      | Reached skill level 5 in Ice Magic
   144 | D:1      | Found a faded altar of an unknown god.
   154 | D:1      | Prayed at the altar of an unknown god.
   154 | D:1      | Became a worshipper of Gozag Ym Sagoz the Greedy
   181 | D:1      | Reached XP level 2. HP: 13/19 MP: 1/5
   363 | D:1      | Found Cialeask's Magic Scroll Shoppe.
   373 | D:1      | Bought a scroll of teleportation for 33 gold pieces
   671 | D:1      | Reached XP level 3. HP: 24/24 MP: 2/6
   675 | D:1      | Learned a level 3 spell: Frozen Ramparts
   840 | D:1      | Reached skill level 6 in Ice Magic
  1163 | D:2      | Identified the +0 helmet "Icunedghuybu" {rCorr Dex+4}
  1584 | D:2      | Noticed Robin
  1589 | D:2      | Reached XP level 4. HP: 27/30 MP: 4/7
  1597 | D:2      | Killed Robin
  1840 | D:2      | Reached skill level 7 in Ice Magic
  2106 | D:3      | Found a sparkling altar of Nemelex Xobeh.
  2236 | D:3      | Learned a level 3 spell: Ozocubu's Armour
  2345 | D:3      | Reached XP level 5. HP: 19/35 MP: 5/8
  2503 | D:3      | Found an iron altar of Okawaru.
  2776 | D:4      | Noticed Grinder
  2778 | D:4      | Paralysed by Grinder for 5 turns
  2783 | D:4      | Killed from afar by Grinder

Illustrated notes

Levels and vault maps discovered:
D:1:      shiori_arrival_maze, layout_basic, serial_shops, nicolae_square_shop,
          chequers_ecumenical_altar_island
D:2:      layout_loops_corners, uniq_robin
D:3:      cheibrodos_helix_gallery, layout_rooms, nemelex_dance_club_becter,
          mainiacjoe_overflow_chevrons
D:4:      minmay_thinvault, layout_loops_cross, grunt_ministairs_5, uniq_grinder

Skill      XL: |  1  2  3  4 |
---------------+-------------+-----
Ice Magic      | 5 6 7 |  7.6
Dodging        | |  2.1
Stealth        | |  1.7
Spellcasting   | |  2.1

Action                   |  1- 3 |  4- 6 || total
-------------------------+-------+-------++-------
Melee: Unarmed           |    35 |    18 ||    53
       Punch             |     1 |       ||     1
 Cast: Freeze            |    37 |     9 ||    46
       Frozen Ramparts   |    10 |    16 ||    26
       Ozocubu's Armour  |       |     1 ||     1
Armor: Robe              |     7 |     7 ||    14
Dodge: Dodged            |    42 |    18 ||    60

Table legend: (Time is in decaauts)
 A = Elapsed time spent in this place.
 B = Non-inter-level travel time spent in this place.
 C = Inter-level travel time spent in this place.
 D = Time resting spent in this place.
 E = Time spent auto-exploring this place.
 F = Levels seen in this place.
 G = Mean time per level.
                   A        B        C        D        E       F      G
               +--------+--------+--------+--------+--------+-----+--------+
         Total |   3133 |   3019 |    114 |      0 |   2548 |   4 |  783.2 |
       Dungeon |   3133 |   3019 |    114 |      0 |   2548 |   4 |  783.2 |
               +--------+--------+--------+--------+--------+-----+--------+

Top non-repeatable levels by time:
     D:2: 1326 daAuts
     D:1: 1018 daAuts
     D:3: 777 daAuts
     D:4: 11 daAuts
